 Dungeon Crawl Stone Soup version 0.20-a0-1008-g0de3dc5 (webtiles) character file.

762 nubinia the Destroyer (level 7, -4/73 HPs)
             Began as a Bultungin Conjurer on Apr 14, 2017.
             Was an Initiate of Vehumet.
             Slain by Pikel
             ... wielding a +2 whip of flaming
              (9 damage)
             ... on level 5 of the Dungeon.
             The game lasted 00:21:50 (4751 turns).

nubinia the Destroyer (Bultungin Conjurer)          Turns: 4751, Time: 00:21:51

Health: -4/73      AC:  2    Str: 12    XL:     7   Next: 81%
Magic:  1/16       EV: 14    Int: 17    God:    Vehumet [......]
Gold:   178        SH:  0    Dex: 15    Spells: 10/18 levels left

rFire    . . .     SeeInvis +   p - +1 hand axe (chop)
rCold    . . .     Gourm    .   (no shield)
rNeg     . . .     Faith    .   a - +0 robe
rPois    .         Spirit   .   (no helmet)
rElec    .         Reflect  .   (no cloak)
rCorr    .         Harm     .   (no gloves)
MR       .....                  (no boots)
Stlth    ..........             (no amulet)
Regen    0.3/turn               (no ring)
MPRegen  0.2/turn               (no ring)

@: berserking (expiring), very quick
A: short attention span, fangs 1, see invisible, strong nose
a: Renounce Religion


You were on level 5 of the Dungeon.
You worshipped Vehumet.
Vehumet was noncommittal.
You were not hungry.

You visited 2 branches of the dungeon, and saw 6 of its levels.

You collected 178 gold pieces.

Inventory:

Hand Weapons
 p - a +1 hand axe of chopping (weapon)
Missiles
 h - 8 tomahawks of dispersal (quivered)
 l - 52 stones
 n - 7 javelins of penetration
 r - 41 poisoned needles
Armour
 a - a +0 robe (worn)
Scrolls
 e - a scroll of noise {unknown}
 g - a scroll of magic mapping {unknown}
 m - a scroll of immolation {unknown}
 o - a scroll of enchant weapon {unknown}
 q - 3 scrolls of identify
Potions
 i - a potion of lignification
 j - a potion of resistance
 k - a potion of heal wounds
Books
 b - a book of Conjurations

   Spells                             Type                      Level
   a - Magic Dart                     Conjuration                  1
   b - Searing Ray                    Conjuration                  2
   c - Dazzling Spray                 Conjuration/Hexes            3
   d - Fulminant Prism                Conjuration/Hexes            4
   e - Force Lance                    Conjuration/Translocation    4
   f - Iskenderun's Mystic Blast      Conjuration                  4
Comestibles
 c - a bread ration
 f - 3 meat rations
 s - a chunk of flesh


   Skills:
 + Level 1.9 Fighting
 + Level 1.5 Axes
 + Level 4.0 Dodging
 + Level 4.3 Stealth
 + Level 0.4 Unarmed Combat
 + Level 6.4 Spellcasting
 + Level 8.1 Conjurations
 * Level 4.7 Hexes
 * Level 4.0 Translocations


You had 10 spell levels left.
You knew the following spells:

 Your Spells              Type           Power        Failure   Level  Hunger
a - Magic Dart            Conj           ####         1%          1    None
b - Dazzling Spray        Conj/Hex       ####..       2%          3    ##.....
c - Force Lance           Conj/Tloc      ####....     12%         4    ####...


Dungeon Overview and Level Annotations

Branches:
Dungeon (5/15)             Temple (1/1) D:5

Altars:
Ashenzari
Dithmenos
Elyvilon
Gozag
Hepliaklqana
Kikubaaqudgha
Makhleb
Okawaru
Uskayaw
Vehumet
Wu Jian
Yredelemnul
Zin
The Shining One

Annotations:
D:3 Crazy Yiuf
D:4 McCoppin's ghost, amateur BuAM
D:5 exclusion: slave, Pikel


Innate Abilities, Weirdness & Mutations

You have a short attention span.
You have very sharp teeth.
You have supernaturally acute eyesight. (SInv)
Your uncanny sense of smell can sniff out nearby items.


Message History

Pikel is heavily wounded.
You slash Pikel!
Pikel is severely wounded.
Pikel hits you with a whip of flaming. Pikel burns you.
You barely miss Pikel.
Pikel is severely wounded.
Pikel hits you with a whip of flaming!
* * * LOW HITPOINT WARNING * * *
Pikel burns you.
* * * LOW HITPOINT WARNING * * *
You closely miss Pikel.
Pikel is severely wounded.
Pikel hits you with a whip of flaming!
* * * LOW HITPOINT WARNING * * *
Pikel burns you.
* * * LOW HITPOINT WARNING * * *
You barely miss Pikel.
Pikel is severely wounded.
Pikel hits you with a whip of flaming!
You die...

#...## ... #....# ∆ ..
#....# .######
##....#######.##....
#..##......#).##....
###.#..........>......
#.....#######.)###....
###.##.######....###....
#......@K......†........
###.#########>#†.###....
#.# #..†....#... #.#
#####..#..#..... #.#
#............... #.#
#..........#..._ #.#
#.......†....... ##.#
#.K........#.... ##..#
#..........#....


You could see Pikel.

Vanquished Creatures
  A water moccasin (D:5)
  An ogre (D:5)
  A scorpion (D:4)
  2 howler monkeys
  A crimson imp (D:5)
  A jelly (D:3)
  A hound (D:3)
  4 orc wizards
  2 worker ants
  4 gnolls
  4 adders
  An ooze (D:1)
  4 worms
  3 dart slugs (D:1)
  5 leopard geckos
  6 orcs
  3 giant cockroaches
  4 goblins
  8 hobgoblins
  10 jackals
  4 quokkas
  2 ball pythons
  9 bats
  5 frilled lizards
  8 kobolds
  8 rats
102 creatures vanquished.

Notes
Turn   | Place    | Note
-------+----------+-------------------------------------------
     0 | D:1      | nubinia the Bultungin Conjurer began the quest for the Orb.
     0 | D:1      | Reached XP level 1. HP: 13/13 MP: 4/4
    58 | D:1      | Reached skill level 6 in Conjurations
   189 | D:1      | Reached XP level 2. HP: 19/19 MP: 3/6
   620 | D:1      | Reached XP level 3. HP: 24/24 MP: 1/8
   714 | D:1      | Reached skill level 7 in Conjurations
  1312 | D:2      | Reached XP level 4. HP: 30/30 MP: 4/9
  1358 | D:2      | Learned a level 3 spell: Dazzling Spray
  1363 | D:2      | Learned a level 4 spell: Force Lance
  2111 | D:3      | Reached XP level 5. HP: 36/36 MP: 8/12
  2296 | D:3      | Reached skill level 1 in Translocations
  2505 | D:3      | Reached skill level 5 in Spellcasting
  2683 | D:3      | Reached skill level 1 in Hexes
  2889 | D:3      | Reached skill level 1 in Fighting
  2889 | D:3      | Reached XP level 6. HP: 43/43 MP: 7/14
  3077 | D:3      | Found a runed door.
  3081 | D:3      | Noticed Crazy Yiuf
  3117 | D:4      | Noticed McCoppin's ghost (amateur BuAM)
  3957 | D:5      | Entered Level 5 of the Dungeon
  4024 | D:5      | Reached skill level 8 in Conjurations
  4063 | D:5      | Found a staircase to the Ecumenical Temple.
  4067 | D:5      | Reached XP level 7. HP: 48/48 MP: 11/15
  4073 | D:5      | Reached skill level 1 in Axes
  4248 | D:5      | Found an iron altar of Okawaru.
  4250 | Temple   | Entered the Ecumenical Temple
  4318 | Temple   | Became a worshipper of Vehumet
  4720 | D:5      | Noticed Pikel
  4751 | D:5      | Slain by Pikel

Vault maps used:
D:1:      elethiomel_arrival_shortcut, minmay_small_reverse_x
D:2:      serial_bayou_lake_a
D:3:      uniq_crazy_yiuf_cottage
D:4:      hangedman_decor_slide_cut
D:5:      minmay_temple_entry_purple_smoke, basic_altar, first_bread, uniq_pikel
Temple:   regret_index_temple_waves

Skill      XL: |  1  2  3  4  5  6  7 |
---------------+----------------------+-----
Conjurations   | 6 7 8 |  8.1
Stealth        | 3 4 |  4.3
Spellcasting   | 4 5 6 |  6.4
Translocations | 1 2 4 |  4.0
Hexes          | 1 3 4 |  4.7
Fighting       | 1 |  1.9
Axes           | 1 |  1.5
Dodging        | 4 |  4.0
Unarmed Combat | |  0.4

Action                   |  1- 3 |  4- 6 |  7- 9 || total
-------------------------+-------+-------+-------++-------
Melee: Unarmed           |     2 |       |       ||     2
       Hand axe          |       |    10 |    33 ||    43
       Bite              |       |     2 |     4 ||     6
 Cast: Magic Dart        |    74 |   138 |    46 ||   258
       Force Lance       |       |     3 |     3 ||     6
       Dazzling Spray    |       |     2 |     5 ||     7
  Use: Scroll            |       |     4 |     2 ||     6
       Potion            |       |       |     2 ||     2
 Stab: Sleeping          |       |     1 |       ||     1
       Invisible         |       |     1 |     2 ||     3
  Eat: Chunk             |     1 |     4 |     1 ||     6
       Bread ration      |       |     1 |       ||     1
       Royal jelly       |       |     1 |       ||     1
Armor: Robe              |     2 |     7 |     2 ||    11
Dodge: Dodged            |     6 |    35 |    21 ||    62
